 Dungeon Crawl Stone Soup version 0.31.0-11-ge490571c62 (webtiles) character file.

Game seed: 14114691305476105885

64 qw the Shooter (level 3, -2/18 HPs)
             Began as a Spriggan Hunter on Feb 3, 2024.
             Slain by Sigmund
             ... wielding a +0 scythe
              (5 damage)
             ... on level 2 of the Dungeon.
             The game lasted 00:00:03 (951 turns).

qw the Shooter (Spriggan Hunter)                     Turns: 951, Time: 00:00:03

Health: -2/18      AC:  2    Str:  7    XL:     3   Next: 91%
Magic:  4/4        EV: 19    Int: 10    God:
Gold:   55         SH:  0    Dex: 20    Spells: 2/2 levels left

rFire   . . .        a - +0 shortbow
rCold   . . .        (shield currently unavailable)
rNeg    . . .        c - +0 robe
rPois   .            (helmet restricted)
rElec   .            (no cloak)
rCorr   .            (gloves unavailable)
SInv    +            (boots unavailable)
Will    .....        (no amulet)
Stlth   ++           (no ring)
HPRegen 0.23/turn    (no ring)
MPRegen 0.09/turn

%: no passive effects
@: about to teleport, very quick
A: very small, no large weapons, unfitting armour, see invisible, speed 3
a: no special abilities


You were on level 2 of the Dungeon.
You visited 1 branch of the dungeon, and saw 2 of its levels.

You collected 55 gold pieces.


Innate Abilities, Weirdness & Mutations

You are very small and have problems with some larger weapons.
You are too small for most types of armour.
You have supernaturally acute eyesight. (SInv)
You cover ground extremely quickly. (Speed+++)


   Skills:
 - Level 1.5 Fighting
 - Level 5.0 Ranged Weapons
 + Level 4.1 Dodging
 - Level 1.5 Stealth


You had 2 spell levels left.
You didn't know any spells.
Your spell library was empty.

Inventory:

Hand Weapons
 a - a +0 shortbow (weapon)
Armour
 c - a +0 robe (worn)
Scrolls
 f - a scroll of identify

Dungeon Overview and Level Annotations

Branches:
Dungeon (2/15)

Altars:

Annotations:
D:2 Sigmund


Message History

Sigmund completely misses you.
You shoot an arrow. The arrow hits the frilled lizard.
You kill the frilled lizard!
You shoot an arrow. The arrow barely misses Sigmund.
You hear a loud squeak.
Sigmund casts a spell at you. The puff of flame hits you!
Sigmund completely misses you.
You shoot an arrow. The arrow hits Sigmund.
Sigmund is moderately wounded.
A rat comes into view.
You shoot an arrow. The arrow closely misses the rat.
Sigmund barely misses you. The rat closely misses you.
You shoot an arrow. The arrow hits the rat.
You kill the rat!
Sigmund casts a spell at you. You resist with some effort.
You shoot an arrow. The arrow closely misses Sigmund.
Sigmund gestures at you while chanting. You resist with some effort.
You shoot an arrow. The arrow closely misses Sigmund.
Sigmund gestures at you while chanting. You resist with some effort.
You shoot an arrow. The arrow hits Sigmund.
Sigmund is heavily wounded.
Sigmund casts a spell at you. The magic dart hits you.
You shoot an arrow. The arrow barely misses Sigmund.
Sigmund completely misses you.
You shoot an arrow. The arrow closely misses Sigmund.
Sigmund casts a spell at you. The magic dart hits you.
950 ||| READING scroll of teleportation.
As you read the scroll of teleportation, it crumbles to dust.
You feel strangely unstable. Sigmund completely misses you.
You shoot an arrow. The arrow hits Sigmund.
Sigmund is severely wounded.
Sigmund hits you from afar with a +0 scythe.
You die...
Sigmund begins carving another notch in his scythe.

#.#.#.# #.#.#
#....... #.#.#
##...>..# ..#.#
.......###
.##.##.#........#
#.##.#........#
#.##.#........#
#.##.#...%@...#
#.##.#(#@#'
#.##.#.#.#
#.##.#.#.#
#######.##.#.#.#
.............#.#
#######.##.###.#
#.##.....#
#.######## #..


You could see Sigmund.

Vanquished Creatures
  An iguana (D:2)
  An adder (D:2)
  2 dart slugs
  3 bats
  2 endoplasms (D:1)
  3 giant cockroaches (D:1)
  A goblin (D:1)
  A quokka (D:1)
  2 ball pythons (D:1)
  3 frilled lizards
  4 kobolds
  5 rats
28 creatures vanquished.

Vanquished Creatures (others)
  A demonspawn (D:1)
  3 octopodes (D:1)
  A gargoyle (D:1)
  A merfolk (D:1)
  A spriggan (D:1)
  2 formicids (D:1)
  A vampire (D:1)
  2 nagas (D:1)
  2 mummies (D:1)
  An orc (D:1)
  9 tentacles (D:1)
24 creatures vanquished.

Grand Total: 52 creatures vanquished

Notes
Turn   | Place    | Note
-------+----------+-------------------------------------------
     0 | D:1      | qw the Spriggan Hunter began the quest for the Orb.
     0 | D:1      | Reached XP level 1. HP: 10/10 MP: 2/2
     0 | D:1      | 0 ||| qw: Version: 0.3-a-155-g5e7d8dd
     0 | D:1      | 0 ||| qw: Game counter: 3128
     0 | D:1      | 0 ||| qw: Melee chars always use a shield: true
     0 | D:1      | 0 ||| qw: God list: Okawaru
     0 | D:1      | 0 ||| qw: Allow faded altars: false
     0 | D:1      | 0 ||| qw: Do Orc after clearing Dungeon:15 true
     0 | D:1      | 0 ||| qw: Do second Lair branch before Depths: true
     0 | D:1      | 0 ||| qw: Lair rune preference: random
     0 | D:1      | 0 ||| qw: Goals: Normal
     0 | D:1      | 0 ||| PLANNING D:1-11
     2 | D:1      | Noticed a naga
     2 | D:1      | Noticed a merfolk
     2 | D:1      | Noticed an octopode
     2 | D:1      | Noticed a gargoyle
     2 | D:1      | Noticed an octopode
     2 | D:1      | Noticed a demonspawn
     2 | D:1      | Noticed a naga
     2 | D:1      | Noticed a kraken
     2 | D:1      | Noticed a formicid
     2 | D:1      | Noticed a formicid
     2 | D:1      | Noticed an octopode
     2 | D:1      | Noticed a vampire
     2 | D:1      | Noticed a spriggan
     3 | D:1      | Killed an octopode
     6 | D:1      | Killed a spriggan
    20 | D:1      | Killed a formicid
    21 | D:1      | Killed a formicid
    22 | D:1      | Killed a naga
    23 | D:1      | Killed a vampire
    27 | D:1      | Killed a merfolk
    27 | D:1      | Killed a demonspawn
    33 | D:1      | Killed an octopode
    33 | D:1      | Killed an octopode
    35 | D:1      | Killed a naga
    35 | D:1      | Killed a gargoyle
    68 | D:1      | 68 ||| READING scroll labelled WOMPIO JOMULEO.
    88 | D:1      | Reached skill level 3 in Dodging
   226 | D:1      | Reached XP level 2. HP: 14/14 MP: 3/3
   496 | D:1      | Found a faded altar of an unknown god.
   676 | D:1      | 676 ||| DROPPING scarf of harm.
   677 | D:1      | 677 ||| READING scroll labelled GEINYA VAGUOM.
   778 | D:1      | 778 ||| READING scroll labelled QIOHICSEJEU.
   779 | D:1      | 779 ||| READING 2 scrolls labelled YPREBRIUMENI.
   780 | D:1      | 780 ||| DROPPING scroll of butterflies.
   843 | D:2      | Reached XP level 3. HP: 18/18 MP: 4/4
   872 | D:2      | Reached skill level 5 in Ranged Weapons
   938 | D:2      | Noticed Sigmund
   949 | D:2      | HP: 2/18 [Sigmund/magic dart (5)]
   950 | D:2      | 950 ||| READING scroll of teleportation.
   951 | D:2      | Slain by Sigmund

Levels and vault maps discovered:
D:1:      nicolae_arrival_kraken_aquarium_b, layout_loops_ring,
          ebering_ecumenical_altar_petrified, grunt_decor_cap,
          minmay_crystal_water
D:2:      layout_basic, minivault_14, uniq_jessica, uniq_sigmund

Skill      XL: |  1  2  3 |
---------------+----------+-----
Dodging        | 3 4 |  4.1
Ranged Weapons | 5 |  5.0
Fighting       | |  1.5
Stealth        | |  1.5

Action                     || total
---------------------------++-------
   Fire: Shortbow          ||    89
    Use: Scroll            ||     5
 Armour: Robe              ||    13
  Dodge: Dodged            ||    27

Table legend:
 A = Non-vault XP
 B = Vault XP
 C = Vault XP percentage of total XP
 D = Non-vault monster count
 E = Vault monster count
 F = Vault count percentage of total count
                 A         B        C        D         E       F
            +---------+---------+-------+---------+---------+-------
      Total |      92 |       0 |   0.0 |      28 |       0 |   0.0
            +---------+---------+-------+---------+---------+-------
        D:1 |      33 |       0 |   0.0 |      19 |       0 |   0.0
        D:2 |      59 |       0 |   0.0 |       9 |       0 |   0.0
            +---------+---------+-------+---------+---------+-------
